 Dungeon Crawl Stone Soup version 0.24.0-123-gd5b16e6ec5 (webtiles) character file.

Game seed: 10938962561054389964, levelgen mode: deterministic

100 Johnny the Poker (level 4, -2/39 HPs)
             Began as a Demigod Gladiator on Jan 25, 2020.
             Slain by an orc
             ... wielding a +0 club
              (3 damage)
             ... on level 3 of the Dungeon.
             The game lasted 00:01:33 (1410 turns).

Johnny the Poker (Demigod Gladiator)                Turns: 1410, Time: 00:01:34

Health: -2/39      AC:  6    Str: 18 (19) XL:     4   Next: 23%
Magic:  6/6        EV: 12    Int: 15 (17) God:
Gold:   61         SH:  0    Dex: 14 (17) Spells: 3/3 levels left

rFire    . . .     SeeInvis .   a - +0 trident
rCold    . . .     Gourm    .   (no shield)
rNeg     . . .     Faith    .   b - +0 leather armour
rPois    .         Spirit   .   c - +0 helmet
rElec    .         Reflect  .   (no cloak)
rCorr    .         Harm     .   (no gloves)
MR       .....                  (no boots)
Stlth    +.........             (no amulet)
HPRegen  0.13/turn              (no ring)
MPRegen  0.10/turn              (no ring)

@: brilliant, lethally poisoned (-2 -> -15)
A: icy blue scales 1, high mp 1, robust 1
a: no special abilities


You were on level 3 of the Dungeon.
You were hungry.

You visited 1 branch of the dungeon, and saw 3 of its levels.

You collected 61 gold pieces.

Inventory:

Hand Weapons
 a - a +0 trident (weapon)
Missiles
 d - 3 throwing nets (quivered)
Armour
 b - a +0 leather armour (worn)
 c - a +0 helmet (worn)
Wands
 o - a wand of digging (5)
Scrolls
 e - a scroll of remove curse {unknown}
 g - 3 scrolls of teleportation {unknown}
 j - a scroll of random uselessness {unknown}
 k - a scroll of fear {unknown}
 n - 2 scrolls of identify {unknown}
 p - a scroll of magic mapping {unknown}
Potions
 i - a potion of ambrosia {unknown}
 l - a potion of heal wounds {unknown}
 m - 2 potions of brilliance
Comestibles
 f - 3 rations


   Skills:
 - Level 1.7 Fighting
 * Level 4.8 Polearms
 - Level 1.7 Throwing
 - Level 2.6 Dodging


You had 3 spell levels left.
You didn't know any spells.
Your spell library was empty.

Dungeon Overview and Level Annotations

Branches:
Dungeon (3/15)


Innate Abilities, Weirdness & Mutations

You have an increased reservoir of magic. (+10% MP)
You are partially covered in icy blue scales. (AC +2)
You are robust. (+10% HP)


Message History

* * * LOW HITPOINT WARNING * * *
Unknown command.
It was a potion of brilliance.
You feel clever all of a sudden.
* * * LOW HITPOINT WARNING * * *
You feel sick. Something hits you but does no damage. Something hits you.
* * * LOW HITPOINT WARNING * * *
It was a potion of degeneration.
There was something very wrong with that liquid.
You feel weakened.
You feel dopey.
You feel clumsy.
* * * LOW HITPOINT WARNING * * *
You feel sick.
Reactivating autopickup.
You feel a bit more experienced.
It was a potion of mutation.
You feel extremely strange.
You feel robust.
Icy blue scales grow over part of your body.
* * * LOW HITPOINT WARNING * * *
You feel sick. The orc hits you with a +0 club.
You die...

#............ ..
##......)...#
#.######.........#
#......#.........#
#...........###.#
#.............#.#
#.#..##.#####.#.# #
#..##....###..|..#
.### ...#
##.#(@o).....##.....
....
#.#####...........#
....# #!#
#......#..... ....
#.# #.†.......## #.#
#............ #.#
#..$.##...... #.#
###.## ...... #....#
##.## #.....#. #


You could see an orc.

Vanquished Creatures
  3 adders
  An ooze (D:2)
  A worm (D:2)
  2 leopard geckos
  2 orcs (D:3)
  2 ball pythons (D:1)
  7 bats (D:1)
  4 giant cockroaches
  5 goblins
  6 hobgoblins
  A kobold (D:2)
  4 frilled lizards
  6 rats
44 creatures vanquished.

Vanquished Creatures (others)
  An orc wizard (D:3)
1 creature vanquished.

Grand Total: 45 creatures vanquished

Notes
Turn   | Place    | Note
-------+----------+-------------------------------------------
     0 | D:1      | Johnny the Demigod Gladiator began the quest for the Orb.
     0 | D:1      | Reached XP level 1. HP: 17/17 MP: 3/3
    57 | D:1      | Reached skill level 3 in Polearms
   347 | D:1      | Reached XP level 2. HP: 24/24 MP: 4/4
   683 | D:2      | Reached XP level 3. HP: 16/29 MP: 5/5
   685 | D:2      | Reached skill level 4 in Polearms
  1187 | D:2      | Found a stormy altar of Qazlal.
  1400 | D:3      | Reached XP level 4. HP: 30/36 MP: 6/6
  1410 | D:3      | Gained mutation: You are robust. (+10% HP) [potion of
                  | mutation]
  1410 | D:3      | Gained mutation: You are partially covered in icy blue
                  | scales. (AC +2) [potion of mutation]
  1410 | D:3      | HP: 1/39 [poisoned by an orc]
  1410 | D:3      | Slain by an orc

Levels and vault maps discovered:
D:1:      dpeg_arrival_yet_another_circle, layout_basic
D:2:      layout_rooms, nicolae_overflow_crystal_walls, first_ration
D:3:      layout_rooms, makhleb_altar_promises_db

Skill      XL: |  1  2  3 |
---------------+----------+-----
Polearms       | 3 4 |  4.8
Fighting       | |  1.7
Throwing       | |  1.7
Dodging        | |  2.6

Action                   |  1- 3 |  4- 6 || total
-------------------------+-------+-------++-------
Melee: Trident           |   118 |     7 ||   125
  Use: Potion            |       |     3 ||     3
 Stab: Sleeping          |     5 |       ||     5
  Eat: Chunk             |     1 |       ||     1
Armor: Leather armour    |    21 |     1 ||    22
Dodge: Dodged            |    60 |     1 ||    61
